AoeStats
← AKI :D

Scandinavia

510820486Analyzed
1v1 RM · 1d ago on Oct 2, 2026· 27m 0s· 2 players
Game mode
Random Map
Map size
Tiny (2 player)
Population
200
Speed
Normal
Resources
Standard
Victory
Conquest
Starting age
Dark Age
Ending age
Imperial Age
RankedLock teamsTeams togetherTeam positionsShared explorationLock speedFull tech treeHidden civsTurbo modeCheats
Victory
Defeat
🇫🇮 Magyars · Finland
1087
+15
🇦🇹 Koreans · Austria
1069
-15
hoogro
10:41 Feudal Age
8:57 Loom
11:35 Double-Bit Axe
16:04 Fletching
22:10 Castle Age
22:10 Forging
22:00 Scale Mail Armor
23:04 Pikeman
25:16 Iron Casting
24:41 Scale Mail Armor
25:06 Crossbowman
AKI :D
9:31 Loom
11:27 Feudal Age
13:15 Double-Bit Axe
13:22 Gold Mining
14:11 Bloodlines
14:09 Scale Barding Armor
18:03 Castle Age
18:49 Husbandry
19:13 Bow Saw
18:47 Horse Collar
20:49 Chain Barding Armor
22:38 Wheelbarrow
22:09 Town Watch
Connection lost

Rejoining the realm…

Still unreachable

The connection could not be restored.

Session expired

The server has moved on; the page needs a fresh start.